[Event "Titled Tuesday Blitz May 4 2021"]
[White "Wilson, Elvin"]
[Black "Serikbay, Assel"]
[WhiteFideId "2014874"]
[BlackFideId "13706799"]
[WhiteElo "2220"]
[BlackElo "2044"]
[Result "0-1"]
[Round "09"]
[TimeControl "180+1"]
[Date "2021.05.04"]
[WhiteClock "0:00:01"]
[BlackClock "0:00:03"]

1. c4 e5 2. g3 Nf6 3. Bg2 c6 4. d4 exd4 5. Qxd4 d5 6. Nf3 Be7 7. cxd5 cxd5 8. O-O Nc6 9. Qa4 O-O 10. Nc3 Be6 11. Rd1 a6 12. Be3 b5 13. Qc2 Rc8 14. Rac1 Qc7 15. Qb1 Qb7 16. Nd4 Ne5 17. Bf4 Nc4 18. b3 Na3 19. Qb2 b4 20. Na4 Nb5 21. Be5 Rfd8 22. Nxe6 fxe6 23. Rxc8 Rxc8 24. Rc1 Rf8 25. h3 Qd7 26. e3 Ne4 27. Bxe4 dxe4 28. Bxg7 Rf7 29. Be5 Qd3 30. Qc2 Qxc2 31. Rxc2 Bf6 32. Bxf6 Rxf6 33. Nc5 Nc3 34. a3 a5 35. axb4 axb4 36. Na6 Nd5 37. Rc4 Rf7 38. Nxb4 Rb7 39. Nc6 Rxb3 40. Rxe4 Kf7 41. Nd4 Rb1+ 42. Kg2 Rb2 43. Nxe6 Nf6 44. Ng5+ Kg6 45. Re5 h6 46. Nf3 Nd7 47. Re6+ Kg7 48. Rd6 Nf6 49. g4 Rc2 50. Re6 Ra2 0-1


[Site "https://www.chess.com"]

[Event "Titled Tuesday Blitz May 4 2021"]
[White "Yang, Kaiqi"]
[Black "Vovk, Orest"]
[WhiteFideId "8604398"]
[BlackFideId "14113490"]
[WhiteElo "2373"]
[BlackElo "2203"]
[Result "1-0"]
[Round "09"]
[TimeControl "180+1"]
[Date "2021.05.04"]
[WhiteClock "0:02:00"]
[BlackClock "0:01:33"]

1. d4 Nc6 2. Nf3 d6 3. g3 Bg4 4. Bg2 e6 5. h3 Bh5 6. c4 Be7 7. Nc3 Nf6 8. O-O O-O 9. b3 Nd7 10. Bb2 e5 11. d5 Bxf3 12. exf3 Nd4 13. f4 Bf6 14. Ne4 Nc5 15. fxe5 dxe5 16. Nxc5 1-0


[Site "https://www.chess.com"]

[Event "Titled Tuesday Blitz May 4 2021"]
[White "Yeremyan, Alen"]
[Black "Ravi, Thandalam Shanmugam"]
[WhiteFideId "13308998"]
[BlackFideId "5000238"]
[WhiteElo "2158"]
[BlackElo "2215"]
[Result "1/2-1/2"]
[Round "09"]
[TimeControl "180+1"]
[Date "2021.05.04"]
[WhiteClock "0:00:23"]
[BlackClock "0:00:35"]

1. d4 Nf6 2. Nf3 e6 3. e3 Be7 4. Bd3 O-O 5. O-O b6 6. b3 Bb7 7. Bb2 c5 8. Nbd2 d6 9. c4 Nbd7 10. Qe2 Qc7 11. Rad1 Rac8 12. e4 e5 13. dxe5 Nxe5 14. Bb1 Nfd7 15. Nxe5 dxe5 16. Rfe1 Nb8 17. Nf1 Nc6 18. Ne3 Nd4 19. Bxd4 cxd4 20. Nd5 Bxd5 21. exd5 Bb4 22. Qd3 f5 23. Re2 Bc3 24. f3 Rce8 25. a3 Qf7 26. b4 e4 27. Qc2 d3 28. Qxc3 dxe2 29. Re1 exf3 30. Qxf3 Qe7 31. Bd3 Qe3+ 32. Qxe3 Rxe3 33. Bxe2 Rfe8 34. Kf2 Rxa3 35. c5 bxc5 36. bxc5 Ra2 37. Kf3 Rd2 38. c6 Rxd5 39. Bc4 Rxe1 40. c7 Re8 41. Bxd5+ Kf8 42. Be6 g6 43. c8=Q Rxc8 44. Bxc8 a5 45. Bd7 Ke7 46. Ba4 Kf6 47. g3 Ke5 48. Ke3 g5 49. Bc2 f4+ 50. Kf3 h5 51. Ba4 g4+ 52. Kf2 fxg3+ 53. Kxg3 Kf6 54. Kh4 Kg6 55. Be8+ Kh6 56. Bxh5 a4 57. Bf7 a3 58. Ba2 Kg6 59. Kg3 Kg5 60. Be6 Kh5 61. Bxg4+ Kg5 62. Be6 Kh5 63. Ba2 Kg5 64. h4+ Kh5 65. Kh3 Kh6 66. Kg4 Kg6 67. h5+ Kh6 68. Kh4 Kh7 69. Kg5 Kg7 70. Bb1 a2 71. Bxa2 Kh7 72. Be6 Kg7 73. h6+ Kh7 74. Bf5+ Kh8 75. Kg6 Kg8 76. Bg4 Kh8 77. Bf5 Kg8 78. h7+ Kh8 79. Kg5 Kg7 80. Bg6 Kh8 81. Kh6 1/2-1/2


[Site "https://www.chess.com"]

[Event "Titled Tuesday Blitz May 4 2021"]
[White "Yoo, Christopher Woojin"]
[Black "Onyshchuk, Volodymyr"]
[WhiteFideId "30909694"]
[BlackFideId "14114038"]
[WhiteElo "2009"]
[BlackElo "2605"]
[Result "0-1"]
[Round "09"]
[TimeControl "180+1"]
[Date "2021.05.04"]
[WhiteClock "0:00:01"]
[BlackClock "0:00:36"]

1. d4 d6 2. Nf3 g6 3. c4 Bg7 4. Nc3 Bg4 5. h3 Bxf3 6. exf3 e6 7. Be3 Ne7 8. Bd3 c6 9. O-O d5 10. cxd5 cxd5 11. Qd2 Nbc6 12. Ne2 O-O 13. b4 a6 14. a3 Re8 15. Rac1 Qd7 16. a4 Nf5 17. Bxf5 exf5 18. b5 axb5 19. axb5 Na5 20. Qd3 Nc4 21. Nc3 Ra3 22. Ra1 Rea8 23. Rxa3 Rxa3 24. Bc1 Ra1 25. Be3 Rxf1+ 26. Kxf1 h5 27. f4 Qd6 28. h4 Qa3 29. g3 Nd6 30. Ke2 Qb2+ 31. Qd2 Qb3 32. Qd3 Bf8 33. Bd2 Be7 34. Qf3 Nxb5 35. Qe3 Nxc3+ 36. Bxc3 Qb5+ 37. Kf3 Bd6 38. Kg2 Kf8 39. Bd2 Qb1 40. Qc3 Qe4+ 41. Kg1 Qe8 42. Qb3 Qc6 43. Bb4 Bxb4 44. Qxb4+ Kg7 45. Kg2 b5 46. Qe7 Qe6 47. Qc5 Qe4+ 48. Kg1 Qb1+ 49. Kh2 Qa2 50. Kg2 Qc4 51. Qa7 b4 52. g4 hxg4 53. h5 gxh5 54. Qe7 Qc6 55. Qxb4 h4 56. Qe7 Qf6 57. Qd7 Qe6 58. Qd8 h3+ 59. Kg3 Qh6 60. Qe7 Qf6 0-1


[Site "https://www.chess.com"]

[Event "Titled Tuesday Blitz May 4 2021"]
[White "Yurtseven, Melih"]
[Black "Demchenko, Anton"]
[WhiteFideId "6312160"]
[BlackFideId "4160258"]
[WhiteElo "2160"]
[BlackElo "2593"]
[Result "0-1"]
[Round "09"]
[TimeControl "180+1"]
[Date "2021.05.04"]
[WhiteClock "0:00:05"]
[BlackClock "0:00:09"]

1. d4 Nf6 2. c4 g6 3. Nc3 Bg7 4. e4 d6 5. h3 O-O 6. Be3 Nbd7 7. g4 e5 8. d5 Nc5 9. f3 Ne8 10. h4 f5 11. h5 fxg4 12. hxg6 Qf6 13. gxh7+ Kh8 14. Be2 Qg6 15. Bxc5 dxc5 16. fxg4 Nd6 17. Qd3 Bh6 18. Nf3 Bf4 19. Nh4 Qh6 20. Rh3 Qg5 21. Nf5 Bxf5 22. exf5 e4 23. Qc2 Rae8 24. Nb5 Nxb5 25. cxb5 Qg7 26. Rc3 b6 27. Rc4 Qh6 28. Bf1 Qh4+ 29. Kd1 Qxg4+ 30. Qe2 Qxf5 31. Kc2 e3+ 32. Qd3 e2 33. Qxf5 Rxf5 34. Bh3 Rh5 35. Be6 Bg3 36. Re4 Rh2 37. Kb3 e1=Q 38. Raxe1 Bxe1 39. Rxe1 Rxh7 40. Rf1 Ree7 41. Rf8+ Kg7 42. Ra8 Kf6 43. Rxa7 Ke5 44. Ra8 Reg7 45. Re8 Rg3+ 0-1


[Site "https://www.chess.com"]

[Event "Titled Tuesday Blitz May 4 2021"]
[White "Zaichenko, Daria"]
[Black "Ibrayev, Nurlan"]
[WhiteFideId "4197453"]
[BlackFideId "13700650"]
[WhiteElo "2039"]
[BlackElo "2366"]
[Result "1-0"]
[Round "09"]
[TimeControl "180+1"]
[Date "2021.05.04"]
[WhiteClock "0:00:47"]
[BlackClock "0:00:03"]

1. e4 c5 2. Nf3 d6 3. d4 cxd4 4. Nxd4 Nf6 5. Nc3 a6 6. f3 e5 7. Nb3 Be6 8. Be3 Be7 9. Qd2 O-O 10. Nd5 Nxd5 11. exd5 Bf5 12. g4 Bh4+ 13. Bf2 Bg6 14. O-O-O Nd7 15. Kb1 Rc8 16. Rc1 Bxf2 17. Qxf2 f5 18. Qd2 fxg4 19. fxg4 Qh4 20. Bd3 Bxd3 21. Qxd3 Qxg4 22. Rhg1 Qf5 23. Qg3 g6 24. h4 Nf6 25. Na5 Nh5 26. Qb3 Rf7 27. Nxb7 Rb8 28. Nxd6 Rxb3 29. Nxf5 Rxb2+ 30. Kxb2 Rxf5 31. c4 Nf4 32. Rcd1 Kf8 33. d6 Ke8 34. c5 e4 35. d7+ Kd8 36. c6 Rb5+ 37. Ka3 Rc5 38. Rd6 e3 39. Rb1 1-0


[Site "https://www.chess.com"]

[Event "Titled Tuesday Blitz May 4 2021"]
[White "Zemach, Roee"]
[Black "Poormosavi, Seyed Kian"]
[WhiteFideId "2818531"]
[BlackFideId "12585807"]
[WhiteElo "2131"]
[BlackElo "2134"]
[Result "1-0"]
[Round "09"]
[TimeControl "180+1"]
[Date "2021.05.04"]
[WhiteClock "0:00:34"]
[BlackClock "0:00:54"]

1. d4 Nf6 2. c4 b6 3. f3 Nc6 4. d5 Ne5 5. e4 e6 6. Nc3 Bb4 7. Be3 O-O 8. Bd4 Ng6 9. a3 Bxc3+ 10. Bxc3 e5 11. g3 d6 12. Bg2 Nh5 13. Ne2 f5 14. exf5 Bxf5 15. Qd2 Qd7 16. O-O-O Bh3 17. Ng1 Bxg2 18. Qxg2 b5 19. Qe2 c6 20. dxc6 Qxc6 21. cxb5 Qc7 22. Kb1 Nf6 23. Nh3 d5 24. Ng5 h6 25. Ne6 Qd7 26. Nxf8 Qf5+ 27. Qd3 Qxd3+ 28. Rxd3 Rxf8 29. Re1 Re8 30. a4 Kf7 31. a5 d4 32. Bxd4 exd4 33. Rxe8 Nxe8 34. b6 axb6 35. axb6 Ne5 36. b7 Nc6 37. Rxd4 Ke6 38. Rc4 1-0


[Site "https://www.chess.com"]

[Event "Titled Tuesday Blitz May 4 2021"]
[White "Zemerov, Vladimir"]
[Black "Mirzoev, Azer"]
[WhiteFideId "4111583"]
[BlackFideId "13400304"]
[WhiteElo "2277"]
[BlackElo "2525"]
[Result "0-1"]
[Round "09"]
[TimeControl "180+1"]
[Date "2021.05.04"]
[WhiteClock "0:00:45"]
[BlackClock "0:00:09"]

1. e4 c5 2. Nf3 d6 3. d4 cxd4 4. Qxd4 a6 5. c4 Nc6 6. Qe3 g6 7. Nc3 Bg7 8. h3 Nf6 9. Be2 O-O 10. O-O Be6 11. Bd2 Rc8 12. Rac1 Nd7 13. b3 Nc5 14. Nd5 Re8 15. Bc3 f6 16. Rfd1 Bf7 17. Rb1 a5 18. a3 e6 19. Nf4 Qe7 20. b4 axb4 21. axb4 Na4 22. Ba1 Ra8 23. Qd2 Red8 24. Nd3 g5 25. b5 Ne5 26. Nb4 Nc5 27. Qc2 Bg6 28. Nd2 h5 29. Bd4 g4 30. hxg4 Nxg4 31. Bxg4 hxg4 32. Re1 f5 33. Bxg7 Qxg7 34. exf5 Bxf5 35. Qb2 Bxb1 36. Qxb1 Rf8 37. Ne4 Qg6 38. Nxd6 Qxb1 39. Rxb1 Ra3 40. Rd1 Rd8 41. Rd4 Kf8 42. Rf4+ Ke7 43. Ne4 Rd4 44. Rxg4 Rxe4 45. Rg7+ Kf6 46. Rc7 b6 47. Nc6 Rxc4 48. Rh7 Ra1+ 49. Kh2 Ra2 50. Kg3 Rc3+ 51. f3 Rcc2 52. Kf4 Rxg2 53. Rh6+ Kg7 54. Rh1 Ra4+ 55. Ke5 Rd2 56. Re1 Kf7 57. Nd4 Rdxd4 58. Re4 Nxe4 59. fxe4 Rxe4+ 60. Kd6 Reb4 61. Kc6 Ra5 62. Kxb6 Rbxb5+ 63. Kc6 Rd5 64. Kb6 Rac5 65. Kb7 Rd6 66. Ka7 Rb5 67. Ka8 Ra6# 0-1


[Site "https://www.chess.com"]

[Event "Titled Tuesday Blitz May 4 2021"]
[White "Zhigalko, Sergei"]
[Black "Shipov, Sergei"]
[WhiteFideId "13502956"]
[BlackFideId "4113624"]
[WhiteElo "2662"]
[BlackElo "2743"]
[Result "1-0"]
[Round "09"]
[TimeControl "180+1"]
[Date "2021.05.04"]
[WhiteClock "0:00:06"]
[BlackClock "0:00:01"]

1. e4 c5 2. Nf3 Nf6 3. e5 Nd5 4. c3 e6 5. Bc4 d6 6. d4 cxd4 7. cxd4 Be7 8. O-O O-O 9. Bd2 dxe5 10. dxe5 Nb6 11. Bb3 Bd7 12. Qe2 Ba4 13. Bxa4 Nxa4 14. Qe4 Nc5 15. Qg4 Qd3 16. Be3 Nc6 17. Nc3 Rfd8 18. Rad1 Qg6 19. Qc4 Nd3 20. Qb5 Rab8 21. Rd2 a6 22. Qb6 Ndxe5 23. Nxe5 Nxe5 24. Rxd8+ Bxd8 25. Qd6 Nc6 26. Rd1 h6 27. Qxb8 Nxb8 28. Rxd8+ Kh7 29. Rxb8 b5 30. Rd8 b4 31. Nd1 Qb1 32. a3 bxa3 33. bxa3 Qb3 34. Bc5 a5 35. h3 Qc4 36. Bf8 Qc7 37. Rd2 Qc1 38. Rd4 e5 39. Rd5 Kg8 40. Bd6 f6 41. Kh2 Qc6 42. Ne3 Kf7 43. Bc5 h5 44. g3 Kg6 45. g4 hxg4 46. hxg4 Qa4 47. Kg2 Qe4+ 48. Kg1 Kg5 49. Bf8 g6 50. Be7 Qb1+ 51. Kh2 Qb7 52. Rxe5+ Kf4 53. Bxf6 Kf3 54. Bh4 Qh7 55. Kh3 g5 56. Rxg5 Qb1 57. Rf5+ Ke4 58. Kg2 Qb3 59. Rxa5 Kd3 60. Rf5 Ke2 61. Bg3 Qxa3 62. Re5 Qa8+ 63. Kg1 Kf3 64. Rf5+ Ke2 65. Kh2 Qa2 66. Rf4 Qg8 67. Kg2 Qa8+ 68. Kh2 Qh8+ 69. Kg1 Qa1+ 70. Kg2 Qa8+ 71. Kh3 Qh8+ 72. Bh4 Qh6 73. Rf5 Qc6 74. Kg3 Qd6+ 75. Kg2 Qc6+ 76. Rd5 Qc1 77. Re5 Qc6+ 78. Nd5+ Kd3 79. Bg3 Kd4 80. Kh2 Qc2 81. Ne3 Qc6 82. Nf5+ Kd3 83. Re3+ Kd2 84. Nd4 Qh6+ 85. Kg2 Qh8 86. Nf3+ Kc2 87. Re1 Qa8 88. Re3 Qd5 89. Kh2 Qc6 90. Bf4 Qg6 91. Kg3 Qg7 92. Be5 Qg6 93. Nd4+ Kb2 94. Nf3+ Kc2 95. Nh4 1-0


[Site "https://www.chess.com"]

[Event "Titled Tuesday Blitz May 4 2021"]
[White "Zhurbinsky, David"]
[Black "Onufrienko, Vladislav"]
[WhiteFideId "2072904"]
[BlackFideId "13804332"]
[WhiteElo "2452"]
[BlackElo "1661"]
[Result "0-1"]
[Round "09"]
[TimeControl "180+1"]
[Date "2021.05.04"]
[WhiteClock "0:00:05"]
[BlackClock "0:00:02"]

1. e4 c5 2. Nf3 Nc6 3. c4 e5 4. Nc3 g6 5. d3 Bg7 6. Be2 d6 7. O-O Nf6 8. a3 O-O 9. Rb1 Nd4 10. h3 Ne8 11. Nxd4 exd4 12. Nd5 Nc7 13. b4 b6 14. bxc5 dxc5 15. f4 Nxd5 16. exd5 Re8 17. Bf3 Rb8 18. a4 Bd7 19. Qc2 Qc7 20. Qf2 Bxa4 21. f5 Bd7 22. Be4 gxf5 23. Bxf5 Bxf5 24. Qxf5 Re5 25. Qg4 Qc8 26. Qg3 Rb7 27. Bh6 f5 28. Bxg7 Re3 29. Rf3 Rxg7 30. Qf2 Qe8 31. Rb2 Re1+ 32. Kh2 Qb8+ 33. g3 Qe8 34. Rxf5 Re3 35. d6 Rgxg3 36. Qxg3+ Rxg3 37. Kxg3 Qg6+ 38. Kf4 Qxd6+ 39. Kg4 Kh8 40. Rbf2 Qg6+ 41. Rg5 Qe6+ 42. Kh5 Qe8+ 43. Kh6 Qe6+ 44. Kh5 Qxh3# 0-1


[Site "https://www.chess.com"]

[Event "Titled Tuesday Blitz May 4 2021"]
[White "Zia, Tahsin Tajwar"]
[Black "Mayaud, Raphael"]
[WhiteFideId "10211888"]
[BlackFideId "627151"]
[WhiteElo "1678"]
[BlackElo "2191"]
[Result "1/2-1/2"]
[Round "09"]
[TimeControl "180+1"]
[Date "2021.05.04"]
[WhiteClock "0:00:07"]
[BlackClock "0:00:03"]

1. d4 Nf6 2. c4 c5 3. d5 b5 4. cxb5 a6 5. bxa6 g6 6. Nc3 Bg7 7. Nf3 O-O 8. e4 Qa5 9. Bd2 Bxa6 10. Bxa6 Qxa6 11. h3 e6 12. Qe2 exd5 13. Qxa6 Nxa6 14. Nxd5 Nxe4 15. Bc3 Nxc3 16. bxc3 Nb4 17. cxb4 Bxa1 18. bxc5 Rxa2 19. O-O Kg7 20. Nb6 Rd8 21. Rd1 Bf6 22. Rxd7 Rc2 23. Rxd8 Bxd8 24. Nd7 Be7 25. Nd4 Rc1+ 26. Kh2 Bxc5 27. Nxc5 Rxc5 28. Nf3 h5 29. Kg3 f6 30. h4 Rc4 31. Ng1 Rg4+ 32. Kh3 Ra4 33. f3 g5 34. hxg5 fxg5 35. Ne2 Kg6 36. Ng3 Ra1 37. Ne4 Rh1+ 38. Kg3 Re1 39. Kf2 Ra1 40. Kg3 Ra4 41. Nc5 Rc4 42. Nd7 Rd4 43. Ne5+ Kf5 44. Nc6 Rd1 45. Ne7+ Kf6 46. Ng8+ Kg7 47. Ne7 Kf6 48. Nc6 Rh1 49. Nb4 Kf5 50. Nd5 h4+ 51. Kf2 Kg6 52. Ne3 Ra1 53. Ng4 Ra2+ 54. Kg1 Ra5 55. Kh2 Kf5 56. Ne3+ Kf4 57. Ng4 Kf5 58. Ne3+ Kg6 59. Kh3 Ra4 60. Ng4 Ra3 61. Ne5+ Kf5 62. Nc4 Rb3 63. Nd6+ Kg6 64. Ne4 Ra3 65. Nf2 Ra4 66. Ng4 Kh5 67. Nh2 Kg6 68. Ng4 1/2-1/2


[Site "https://www.chess.com"]

[Event "Titled Tuesday Blitz May 4 2021"]
[White "elohunter1999"]
[Black "Shahinyan, David"]
[BlackFideId "13304380"]
[WhiteElo "2529"]
[BlackElo "2372"]
[Result "0-1"]
[Round "09"]
[TimeControl "180+1"]
[Date "2021.05.04"]
[WhiteClock "0:01:18"]
[BlackClock "0:02:50"]

1. d4 Nf6 2. c4 c5 3. d5 g6 4. Nc3 Bg7 5. e4 d6 6. Nf3 O-O 7. Bd3 e6 8. h3 exd5 9. exd5 Re8+ 10. Be3 Nbd7 11. O-O a6 12. a4 Nh5 13. Qd2 Ne5 14. Nxe5 Rxe5 15. Rae1 Bd7 16. g4 Qh4 17. f4 Qg3+ 0-1


[Site "https://www.chess.com"]

[Event "Titled Tuesday Blitz May 4 2021"]
[White "katchesskat"]
[Black "Grunberg, Mihai-Lucian"]
[BlackFideId "1204149"]
[WhiteElo "2298"]
[BlackElo "2364"]
[Result "1-0"]
[Round "09"]
[TimeControl "180+1"]
[Date "2021.05.04"]
[WhiteClock "0:00:04"]
[BlackClock "0:00:01"]

1. c4 e5 2. e3 Nf6 3. a3 c5 4. Qc2 Nc6 5. b3 d6 6. Bb2 Be7 7. d3 O-O 8. Nd2 a6 9. Be2 b5 10. Ngf3 Rb8 11. O-O Qb6 12. Rfe1 Bf5 13. Rab1 h6 14. Ne4 Nxe4 15. dxe4 Bh7 16. Red1 Rfe8 17. Ba1 Qa7 18. cxb5 axb5 19. Bb2 Rec8 20. g3 Qd7 21. Kg2 Qe6 22. Bd3 Na5 23. Ba1 c4 24. bxc4 Nxc4 25. Qb3 Bg6 26. Bc3 Kh7 27. Bb4 f5 28. exf5 Bxf5 29. e4 Bh3+ 30. Kg1 Bg4 31. Be2 Rf8 32. Rd3 Qg6 33. Rc3 Kh8 34. Re1 Bxf3 35. Bxf3 Nd2 36. Qd1 Nxf3+ 37. Rxf3 Rxf3 38. Qxf3 Rf8 39. Qe2 Qf7 40. Rd1 Qf6 41. Rd5 Rc8 42. Rxb5 Rc1+ 43. Kg2 Kh7 44. Rb8 Qg6 45. Qf3 Rc2 46. h4 h5 47. Rb7 Bxh4 48. Rd7 Bf6 49. Bxd6 h4 50. Qf5 hxg3 51. Qxg6+ Kxg6 52. Kxg3 Rc3+ 53. f3 Kg5 54. Be7 Bxe7 55. Rxe7 Kf6 56. Ra7 Rc2 57. Ra6+ Kg5 58. Re6 Rc5 59. Rd6 Ra5 60. Rd5 Rxa3 61. Rxe5+ Kf6 62. Rb5 Kf7 63. Rb6 Ra7 64. Kf4 Kg8 65. Kg5 Kf7 66. f4 Kg8 67. e5 Kf7 68. f5 Re7 69. e6+ Kg8 70. Kg6 Re8 71. Rb7 Kh8 72. Kf7 1-0


[Site "https://www.chess.com"]

[Event "Titled Tuesday Blitz May 4 2021"]
[White "Alahakoon, Isuru"]
[Black "Dudzinski, Pawel"]
[WhiteFideId "9900993"]
[BlackFideId "1117890"]
[WhiteElo "2062"]
[BlackElo "2193"]
[Result "1-0"]
[Round "10"]
[TimeControl "180+1"]
[Date "2021.05.04"]
[WhiteClock "0:01:57"]
[BlackClock "0:02:32"]

1. Nf3 g6 2. d4 Bg7 3. Bf4 f5 4. Nc3 d5 5. e3 Nf6 6. h4 O-O 7. Bd3 Ne4 8. h5 c5 9. hxg6 hxg6 10. Ne5 Qe8 11. Qf3 Bxe5 12. Bxe5 Kf7 13. Nxd5 1-0


[Site "https://www.chess.com"]

[Event "Titled Tuesday Blitz May 4 2021"]
[White "Alavi, Sayed Javad"]
[Black "Iskusnyh, Sergei"]
[WhiteFideId "12500607"]
[BlackFideId "4120027"]
[WhiteElo "2495"]
[BlackElo "2492"]
[Result "1-0"]
[Round "10"]
[TimeControl "180+1"]
[Date "2021.05.04"]
[WhiteClock "0:00:04"]
[BlackClock "0:00:01"]

1. e4 e6 2. d4 d5 3. e5 c5 4. c3 Nc6 5. Nf3 Qb6 6. a3 Nh6 7. b4 cxd4 8. Bxh6 gxh6 9. cxd4 Bd7 10. Be2 Rg8 11. O-O Rc8 12. h3 a6 13. Qd3 Rg6 14. Nc3 Ne7 15. Rac1 Nf5 16. Rc2 h5 17. Rfc1 Rd8 18. b5 Bh6 19. Rb1 Rc8 20. Na4 Qa5 21. Rxc8+ Bxc8 22. Nc5 axb5 23. Rxb5 Qc7 24. Qb3 Kf8 25. Nxb7 Qc1+ 26. Bf1 Ne3 27. Qb4+ Kg7 28. Qe1 Nxf1 29. Qxf1 Qxa3 30. Kh1 Bf4 31. Qb1 Qc3 32. Rc5 Qa3 33. Rxc8 Qa6 34. Nd6 Qe2 35. Qg1 Qd3 36. Ne8+ Kh6 37. Nf6 Rg7 38. Rh8 Bg5 39. Nxg5 Kxg5 40. Qc1+ Kg6 41. Qe3 1-0


[Site "https://www.chess.com"]

[Event "Titled Tuesday Blitz May 4 2021"]
[White "Alboredo, Julia"]
[Black "Manukian, Artak"]
[WhiteFideId "2124807"]
[BlackFideId "13301373"]
[WhiteElo "2041"]
[BlackElo "2456"]
[Result "1-0"]
[Round "10"]
[TimeControl "180+1"]
[Date "2021.05.04"]
[WhiteClock "0:00:18"]
[BlackClock "0:00:02"]

1. e4 c6 2. d4 d5 3. e5 Bf5 4. h4 h5 5. Bd3 Bxd3 6. Qxd3 e6 7. Bg5 Qb6 8. Nd2 c5 9. c4 Ne7 10. Ngf3 Nbc6 11. O-O cxd4 12. cxd5 Nxd5 13. Nc4 Qa6 14. Nxd4 Rc8 15. Nb5 f6 16. Nbd6+ Bxd6 17. Nxd6+ Ke7 18. Qg6 Rcg8 19. Qf7+ Kd8 20. Nxb7+ Kc8 21. Nd6+ Kb8 22. Qxe6 fxg5 23. Qxd5 Rd8 24. Rfd1 gxh4 25. Rac1 Ne7 26. Qb3+ Qb6 27. Qf7 Nc8 28. Nxc8 Rxd1+ 29. Rxd1 Rxc8 30. e6 1-0


[Site "https://www.chess.com"]

[Event "Titled Tuesday Blitz May 4 2021"]
[White "Albuquerque Junior,Wellington S."]
[Black "Noboa Silva, Kevin"]
[WhiteFideId "2151480"]
[BlackFideId "3618471"]
[WhiteElo "2042"]
[BlackElo "2161"]
[Result "0-1"]
[Round "10"]
[TimeControl "180+1"]
[Date "2021.05.04"]
[WhiteClock "0:00:05"]
[BlackClock "0:01:01"]

1. c4 e5 2. g3 Nf6 3. Bg2 c6 4. d4 e4 5. Nc3 d5 6. Bg5 Bb4 7. Qb3 Bxc3+ 8. Qxc3 Nbd7 9. Nh3 O-O 10. Nf4 h6 11. Bxf6 Nxf6 12. h4 Bg4 13. Rc1 Re8 14. e3 Qd7 15. h5 Rac8 16. a3 Qf5 17. Bh3 Bxh3 18. Rxh3 Nh7 19. Qb3 Ng5 20. Rh1 b6 21. Kf1 dxc4 22. Qxc4 c5 23. d5 Nf3 24. Kg2 Ne5 25. Qe2 Red8 26. Rhd1 Nf3 27. b4 Rd6 28. bxc5 bxc5 0-1


[Site "https://www.chess.com"]

[Event "Titled Tuesday Blitz May 4 2021"]
[White "Alice, Mateus Felizardo Viageiro"]
[Black "Ronka, Erik"]
[WhiteFideId "14800047"]
[BlackFideId "505080"]
[WhiteElo "2189"]
[BlackElo "2264"]
[Result "0-1"]
[Round "10"]
[TimeControl "180+1"]
[Date "2021.05.04"]
[WhiteClock "0:01:32"]
[BlackClock "0:01:18"]

1. e4 c6 2. d4 d5 3. Nc3 dxe4 4. Nxe4 Bf5 5. Ng3 Bg6 6. h4 h6 7. h5 Bh7 8. Nf3 Nd7 9. Bd3 Bxd3 10. Qxd3 e6 11. Bd2 Ngf6 12. O-O-O Qc7 13. Kb1 O-O-O 14. c4 c5 15. Bc3 cxd4 16. Nxd4 a6 17. Qe2 Bd6 18. Ne4 Nxe4 19. Qxe4 Nf6 20. Qe2 Rd7 21. Nf3 Rhd8 22. Bxf6 gxf6 23. Rd3 Bc5 24. Rxd7 Qxd7 25. Kc2 Qa4+ 26. Kb1 Qc6 27. b3 f5 28. Re1 Bb4 29. Rd1 Qe4+ 30. Qxe4 Rxd1+ 31. Kc2 fxe4 32. Kxd1 exf3 33. gxf3 e5 34. Ke2 Kd7 35. Kd3 Ke6 36. Ke4 f5+ 37. Ke3 Bc5+ 38. Ke2 Kf6 0-1


[Site "https://www.chess.com"]

[Event "Titled Tuesday Blitz May 4 2021"]
[White "Alvarez Fernandez, Enrique"]
[Black "Efremov, Vladislav"]
[WhiteFideId "2227398"]
[BlackFideId "44159935"]
[WhiteElo "2316"]
[BlackElo "2022"]
[Result "1/2-1/2"]
[Round "10"]
[TimeControl "180+1"]
[Date "2021.05.04"]
[WhiteClock "0:00:53"]
[BlackClock "0:00:18"]

1. e4 c5 2. Nf3 e6 3. d4 cxd4 4. Nxd4 Nc6 5. Nc3 Qc7 6. h3 a6 7. g4 Bb4 8. Bg2 Nge7 9. O-O Nxd4 10. Qxd4 Bxc3 11. bxc3 O-O 12. Ba3 Nc6 13. Qc5 Re8 14. Rad1 b6 15. Qh5 Bb7 16. Bd6 Qd8 17. e5 Na5 18. Rd3 Bxg2 19. Kxg2 Nc4 20. f4 Nxd6 21. Rxd6 Qc7 22. Rf3 Qc5 23. Rxd7 Re7 24. Rxe7 Qxe7 25. f5 exf5 26. Qxf5 Rd8 27. Rd3 h6 28. a4 Re8 29. Rd7 Qxe5 30. Qxf7+ Kh8 31. Qf3 Qe2+ 32. Qf2 Qe4+ 33. Kh2 Qe5+ 34. Kg1 Qxc3 35. Rd3 Qe1+ 36. Qxe1 Rxe1+ 37. Kf2 Rc1 38. Rc3 Ra1 39. Rc6 Rxa4 40. Rxb6 Rc4 41. Rxa6 Rxc2+ 42. Kg3 Kh7 43. Ra7 Rc3+ 44. Kh4 Kg6 45. Ra6+ Kh7 46. Ra7 Kg8 47. Kh5 Rc5+ 48. Kg6 Rc6+ 49. Kf5 Rc5+ 50. Ke6 Rc6+ 51. Kf5 Rc5+ 52. Kf4 Rc4+ 53. Ke5 Rc5+ 54. Kd4 Rc1 55. Ra3 Rd1+ 56. Ke4 Rf1 57. Rf3 Rxf3 58. Kxf3 Kf7 59. Kf4 Kf6 60. h4 g5+ 61. Kg3 gxh4+ 62. Kxh4 Kg6 63. Kg3 Kg5 64. Kh3 h5 65. gxh5 Kxh5 1/2-1/2


[Site "https://www.chess.com"]

[Event "Titled Tuesday Blitz May 4 2021"]
[White "Arabidze, Meri"]
[Black "Vukovic, Zdravko"]
[WhiteFideId "13604040"]
[BlackFideId "900877"]
[WhiteElo "2432"]
[BlackElo "2499"]
[Result "1/2-1/2"]
[Round "10"]
[TimeControl "180+1"]
[Date "2021.05.04"]
[WhiteClock "0:00:13"]
[BlackClock "0:00:10"]

1. Nf3 e6 2. d4 d5 3. c4 Nf6 4. g3 dxc4 5. Bg2 Bb4+ 6. Bd2 a5 7. O-O Nc6 8. Bf4 O-O 9. Nc3 h6 10. Rc1 Nd5 11. Ne4 Nxf4 12. gxf4 b5 13. a4 Ba6 14. axb5 Bxb5 15. Nc3 Ba6 16. e3 Rb8 17. Nd2 Ne7 18. Re1 c5 19. Nf3 cxd4 20. Nxd4 Bb7 21. Bxb7 Rxb7 22. Qf3 Qc7 23. Red1 Bxc3 24. bxc3 Rb2 25. Ra1 Rfb8 26. Rdc1 e5 27. fxe5 Qxe5 28. Ra4 R8b6 29. Rxc4 Rg6+ 30. Kh1 Rf6 31. Qa8+ Kh7 32. Nf3 Qh5 33. Qe4+ Ng6 34. Kg2 Rxf3 35. Qxf3 Nh4+ 36. Rxh4 Qxh4 37. Qg3 Qe4+ 38. Qf3 Qg6+ 39. Qg3 Qe4+ 40. Qf3 Qg6+ 41. Qg3 Qc6+ 42. Qf3 Qg6+ 1/2-1/2


[Site "https://www.chess.com"]

[Event "Titled Tuesday Blitz May 4 2021"]
[White "Arkell, Keith C"]
[Black "Bon, Michael"]
[WhiteFideId "400270"]
[BlackFideId "620696"]
[WhiteElo "2398"]
[BlackElo "2445"]
[Result "0-1"]
[Round "10"]
[TimeControl "180+1"]
[Date "2021.05.04"]
[WhiteClock "0:00:01"]
[BlackClock "0:00:04"]

1. d4 d5 2. Nf3 Nc6 3. c4 Bg4 4. Nc3 e6 5. cxd5 exd5 6. Bg5 f6 7. Bf4 Qd7 8. e3 Nge7 9. Bb5 a6 10. Ba4 g5 11. Bg3 Nf5 12. Bb3 Nce7 13. Rc1 h5 14. Bxc7 Qxc7 15. h3 Bxf3 16. Qxf3 Nh4 17. Qd1 Qd7 18. g3 Nhf5 19. Qf3 Rd8 20. Ke2 b5 21. a3 Bg7 22. g4 Nh4 23. Qg3 hxg4 24. hxg4 Rc8 25. Rhd1 Nhg6 26. Rh1 Rh4 27. Bc2 Qc7 28. Qxc7 Rxc7 29. f4 Rxh1 30. Rxh1 gxf4 31. e4 dxe4 32. Bxe4 Rd7 33. d5 Kf8 34. Kf3 Kf7 35. Ne2 Nc8 36. Nxf4 Nxf4 37. Kxf4 Nd6 38. Bf3 Re7 39. Rc1 Re5 40. Rc6 Bf8 41. Rxa6 Be7 42. Ra7 Re1 43. a4 Rb1 44. axb5 Rxb2 45. Ra5 Rb4+ 46. Kg3 Rxb5 47. Ra8 Rb4 48. Rh8 Rd4 49. Rh7+ Kf8 50. Rh8+ Kg7 51. Rb8 Nc4 52. Rb7 Kf8 53. Ra7 Bd6+ 54. Kh4 Ne5 0-1


[Site "https://www.chess.com"]